 Dungeon Crawl Stone Soup version 0.29-a0-322-g68df515428 (webtiles) character file.

Game seed: 5905530858852233543

878 101zpm the Covered (level 8, -1/48 HPs)
             Began as a Gargoyle Fighter on Apr 8, 2022.
             Was an Initiate of the Shining One.
             Killed from afar by a starcursed mass (8 damage)
             ... with an accursed screaming
             ... on level 1 of the Abyss.
             The game lasted 00:12:54 (6083 turns).

101zpm the Covered (Gargoyle Fighter)               Turns: 6083, Time: 00:12:54

Health: -1/48      AC: 27    Str: 21      XL:     8   Next: 4%
Magic:  8/8        EV: 25    Int: 15 (16) God:    the Shining One [......]
Gold:   118        SH:  4    Dex:  7 (9)  Spells: 7/7 levels left

rFire   . . .      SeeInvis .   l - +2 trident (protect)
rCold   . . .      Faith    .   c - +0 buckler
rNeg    + . .      Spirit   .   j - +0 plate armour
rPois   ∞          Reflect  .   (no helmet)
rElec   +          Harm     .   q - +0 cloak
rCorr   .          Rampage  .   (no gloves)
Will    .....                   x - +0 pair of boots
Stlth   ..........              p - amulet of the acrobat
HPRegen 0.16/turn               s - +4 ring of evasion
MPRegen 0.11/turn               E - +6 ring of intelligence

@: mighty, under a protective aura, acrobatic, glowing
A: sickness immunity, AC +5, negative energy resistance 1, electricity
resistance, torment resistance 1, petrification resistance, [deterioration 2]
a: Renounce Religion


You were on level 1 of the Abyss.
You worshipped the Shining One.
The Shining One was noncommittal.
You visited 2 branches of the dungeon, and saw 6 of its levels.
You visited the Abyss 1 time.

You collected 118 gold pieces.

Inventory:

Hand Weapons
 a - a +0 flail
 l - a +2 trident of protection (weapon)
 C - a +2 vorpal hand axe
 F - a +0 hunting sling
Missiles
 o - 110 stones (quivered)
 y - 4 javelins
 A - 3 boomerangs
 B - 2 poisoned darts
Armour
 b - a +0 scale mail
 c - a +0 buckler (worn)
 j - a +0 plate armour (worn)
 q - a +0 cloak (worn)
 x - a +0 pair of boots (worn)
Jewellery
 p - an amulet of the acrobat (around neck)
 s - a +4 ring of evasion (left hand)
 E - a +6 ring of intelligence (right hand)
Scrolls
 e - 3 scrolls of teleportation {unknown}
 f - a scroll of identify {unknown}
 g - a scroll of immolation {unknown}
 h - 2 scrolls of vulnerability {unknown}
 k - 2 scrolls of noise {unknown}
 m - 2 scrolls of torment {unknown}
 n - a scroll of enchant weapon {unknown}
 v - a scroll of acquirement {unknown}
 w - a scroll of fear {unknown}
Potions
 d - a potion of might
 i - a potion of ambrosia {unknown}
 r - 2 potions of curing {unknown}
 t - a potion of attraction {unknown}
 u - a potion of heal wounds {unknown}
 z - a potion of magic {unknown}
 D - 2 potions of cancellation {unknown}


   Skills:
 + Level 4.2 Fighting
 + Level 4.1 Maces & Flails
 + Level 4.6 Polearms
 + Level 0.2 Throwing
 + Level 5.6 Armour
 + Level 0.3 Dodging
 + Level 4.8 Shields


You had 7 spell levels left.
You didn't know any spells.
Your spell library contained the following spells:

 Spells                   Type           Power      Damage    Failure   Level
 Summon Guardian Golem    Hex/Summ       0%         N/A       100%        3
 Orb of Destruction       Conj           0%         9d5       100%        7
 Spellforged Servitor     Conj/Summ      0%         N/A       100%        7


Dungeon Overview and Level Annotations

Branches:
Dungeon (5/15)             Temple (1/1) D:4

Altars:
Ashenzari
Cheibriados
Dithmenos
Elyvilon
Makhleb
Nemelex Xobeh
Okawaru
Qazlal
Ru
Sif Muna
Trog
Vehumet
Wu Jian
Xom
Yredelemnul
Zin
The Shining One


Innate Abilities, Weirdness & Mutations

You are immune to sickness and miasma.
Your stone body is resilient. (AC +5)
You are immune to poison.
You resist negative energy. (rN+)
You are resistant to electric shocks. (rElec)
You are resistant to unholy torment.
You are immune to petrification.
[Your body often deteriorates upon taking damage.]


Message History

You hit the raiju.
The raiju is moderately wounded.
The raiju bursts into living lightning!
The living lightning hits you. You resist.
The raiju blinks!
A chorus of shrieks assaults your mind.
Your body deteriorates!
You feel clumsy.
A starcursed mass splits.
The raiju bites you but does no damage. The raiju attacks as you move away!
You block the raiju's attack.
The raiju bursts into living lightning!
The living lightning misses you.
The raiju blinks!
The raiju bites you. The raiju shocks you. You resist.
* * * LOW HITPOINT WARNING * * *
The raiju attacks as you move away! The raiju misses you.
You feel very mighty all of a sudden. The raiju bites you but does no damage.
Okay, then.
You miss the raiju.
The raiju is moderately wounded.
The starcursed mass shrieks in your mind.
* * * LOW HITPOINT WARNING * * *
You block the raiju's attack.
You miss the raiju.
The raiju is moderately wounded.
The raiju bites you but does no damage.
You impale the raiju!!
Your weapon exudes an aura of protection.
The raiju is almost dead.
The raiju bursts into living lightning!
The living lightning misses you.
The raiju blinks!
A starcursed mass splits.
The starcursed mass touches you but does no damage.
You puncture the raiju!
You kill the raiju!
That felt strangely unrewarding.
A starcursed mass splits.
The starcursed mass touches you but does no damage.
The starcursed mass attacks as you move away!
The starcursed mass touches you but does no damage.
A starcursed mass splits.
The starcursed mass barely misses you.
A deafening chorus of shrieks assaults your mind!
You die...

# ### #.# #§##
#.. #...####.#
## # .#...#..#
#.. .##
...##### # #
#.###.X.#..##
### #
.#.X##X#..#
##X#.#.XXXX@.#
#
##X.##.#.###..#
# . ...#...#.
#.#
####.#......#
... ...#...##
.## # #.......#
#. ..###..#. ..
. ###. ### #.


You could see 7 starcursed masses.

Vanquished Creatures
  A raiju (Abyss:1)
  A centaur (D:4)
  A phantom (D:5)
  A gnoll sergeant (D:5)
  A howler monkey (D:5)
  6 hounds
  2 orc priests
  2 gnoll shamans (D:5)
  2 iguanas (D:4)
  An orc wizard (D:5)
  10 gnolls
  7 adders
  2 worms
  3 dart slugs
  11 orcs
  7 ball pythons
  6 endoplasms
  4 giant cockroaches
  5 goblins
  3 hobgoblins
  4 jackals (D:2)
  5 kobolds
  A quokka (D:4)
  5 bats
  2 frilled lizards
  7 rats
100 creatures vanquished.

Notes
Turn   | Place    | Note
-------+----------+-------------------------------------------
     0 | D:1      | 101zpm the Gargoyle Fighter began the quest for the Orb.
     0 | D:1      | Reached XP level 1. HP: 14/14 MP: 1/1
   186 | D:1      | Reached XP level 2. HP: 13/19 MP: 2/2
   466 | D:1      | Reached XP level 3. HP: 20/23 MP: 3/3
  1059 | D:2      | Reached XP level 4. HP: 25/28 MP: 4/4
  1707 | D:3      | Found a faded altar of an unknown god.
  1748 | D:3      | Reached XP level 5. HP: 33/33 MP: 5/5
  1781 | D:3      | Reached skill level 4 in Armour
  2588 | D:4      | Reached skill level 1 in Polearms
  2692 | D:4      | Found a staircase to the Ecumenical Temple.
  2858 | D:4      | Reached XP level 6. HP: 32/38 MP: 6/6
  3414 | D:5      | Entered Level 5 of the Dungeon
  3414 | D:5      | Noticed an air elemental
  3414 | D:5      | Found a stormy altar of Qazlal.
  3466 | D:4      | Reached skill level 5 in Armour
  3466 | D:4      | Reached XP level 7. HP: 7/43 MP: 7/7
  3783 | D:5      | Noticed a fire elemental
  3784 | D:5      | Noticed a water elemental
  4817 | D:4      | Reached XP level 8. HP: 12/48 MP: 8/8
  5146 | Temple   | Entered the Ecumenical Temple
  5440 | Temple   | Became a worshipper of the Shining One
  5979 | D:5      | Cast into level 1 of the Abyss (gnoll)
  6010 | Abyss:1  | Noticed a wretched star
  6062 | Abyss:1  | Noticed a raiju
  6065 | Abyss:1  | Noticed a starcursed mass
  6082 | Abyss:1  | Killed a raiju
  6083 | Abyss:1  | Killed from afar by a starcursed mass

Illustrated notes

Levels and vault maps discovered:
D:1:      onia_arrival_handbag, layout_rooms
D:2:      layout_rooms
D:3:      layout_loops_corners, ebering_ecumenical_altar_webs
D:4:      layout_rooms, minmay_temple_entry_enclosed_plants
D:5:      layout_cave_pools, fedhas_altar_2, nicolae_qazlal_style_of_elements,
          serial_gnoll_camp, gnoll_camp_mini_house, gnoll_camp_mini_house,
          gnoll_camp_mini_house, gnoll_camp_mini_house, gnoll_camp_medium_01,
          gnoll_camp_mini_shop, chequers_arboretum
Temple:   minmay_temple_bridge_d
Abyss:1:  base:
D:2

Skill      XL: |  1  2  3  4  5  6  7 |
---------------+----------------------+-----
Maces & Flails | 3 4 |  4.1
Armour         | 4 5 |  5.6
Polearms       | 1 3 4 |  4.6
Fighting       | 4 |  4.2
Shields        | 4 |  4.8
Throwing       | |  0.2
Dodging        | |  0.3

Action                   |  1- 3 |  4- 6 |  7- 9 || total
-------------------------+-------+-------+-------++-------
Melee: Flail             |    84 |    38 |       ||   122
       Trident           |       |   203 |   111 ||   314
Throw: Javelin           |       |     5 |     1 ||     6
       Stone             |       |       |     2 ||     2
  Use: Potion            |       |       |     1 ||     1
Armor: Scale mail        |    32 |       |       ||    32
       Plate armour      |    50 |   167 |    94 ||   311
Dodge: Dodged            |    41 |    87 |   111 ||   239
Block: Buckler           |     9 |    54 |    43 ||   106

Table legend: (Time is in decaauts)
 A = Elapsed time spent in this place.
 B = Non-inter-level travel time spent in this place.
 C = Inter-level travel time spent in this place.
 D = Time resting spent in this place.
 E = Time spent auto-exploring this place.
 F = Levels seen in this place.
 G = Mean time per level.
                   A        B        C        D        E       F      G
               +--------+--------+--------+--------+--------+-----+--------+
         Total |   6199 |   5392 |    807 |   1157 |   3158 |   7 |  885.6 |
       Dungeon |   5730 |   5064 |    666 |   1157 |   2945 |   5 | 1146.0 |
        Temple |    363 |    223 |    140 |      0 |    213 |   1 |  363.0 |
         Abyss |    105 |    105 |      0 |      0 |      0 |   1 |  105.0 |
               +--------+--------+--------+--------+--------+-----+--------+

Top non-repeatable levels by time:
     D:4: 1794 daAuts
     D:2: 1109 daAuts
     D:5: 1078 daAuts
     D:3: 997 daAuts
     D:1: 750 daAuts
  Temple: 363 daAuts
 Abyss:1: 105 daAuts
